 Dungeon Crawl Stone Soup version 0.26-a0-1107-g6118521029 (webtiles) character file.

Game seed: 10468947090323186761

2445 Dracia the Agent of Entropy (level 9, -5/63 HPs)
             Began as a Demonspawn Abyssal Knight on Dec 16, 2020.
             Was a Priest of Lugonu.
             Slain by an orc warrior
             ... wielding a +0 great sword
              (16 damage)
             ... on level 7 of the Dungeon.
             The game lasted 00:12:21 (8531 turns).

Dracia the Agent of Entropy (DsAK)                  Turns: 8531, Time: 00:12:22

Health: -5/63      AC: 11    Str: 15    XL:     9   Next: 25%
Magic:  17/17      EV: 15    Int: 20    God:    Lugonu [***...]
Gold:   85         SH:  0    Dex: 13    Spells: 8/8 levels left

rFire    + . .     SeeInvis +   a - +3 falchion
rCold    + . .     Faith    .   (no shield)
rNeg     . . .     Spirit   .   u - +2 leather armour of Dull Creativity {Slay+2}
rPois    .         Reflect  .   (helmet unavailable)
rElec    .         Harm     .   l - +0 cloak
rCorr    .         Rampage  .   r - +0 pair of gloves
Will     .....                  (no boots)
Stlth    +.........             (no amulet)
HPRegen  0.20/turn              I - +6 ring of intelligence
MPRegen  0.15/turn              E - +4 ring of evasion

@: confused
A: antennae 3, iridescent scales 2, cold resistance 1, fire resistance 1, wild
magic 2, evolution 1, no potion heal 1
a: Depart the Abyss, Bend Space, Banish, Renounce Religion


You were on level 7 of the Dungeon.
You worshipped Lugonu.
Lugonu was most pleased with you.
You visited 1 branch of the dungeon, and saw 7 of its levels.
You visited the Abyss 1 time.

You collected 386 gold pieces.
You spent 301 gold pieces at shops.


Innate Abilities, Weirdness & Mutations

You have a pair of large antennae on your head. (SInv)
You are mostly covered in iridescent scales. (AC +4)
Your flesh is cold resistant. (rC+)
Your flesh is heat resistant. (rF+)
Your spells are harder to cast, but more powerful.
You evolve.
Potions are less effective at restoring your health.


   Skills:
 - Level 3.0 Fighting
 + Level 8.3 Long Blades
 - Level 1.7 Armour
 - Level 0.8 Dodging
 + Level 11.5 Invocations


You had 8 spell levels left.
You didn't know any spells.
Your spell library was empty.

Inventory:

Hand Weapons
 a - a +3 falchion (weapon)
Missiles
 f - 34 poisoned darts
Armour
 l - a +0 cloak (worn)
 r - a +0 pair of gloves (worn)
 u - the +2 leather armour of Dull Creativity (worn) {Slay+2}
   (You bought it in a shop on level 5 of the Dungeon)

   It affects your accuracy and damage with ranged weapons and melee attacks
   (+2).
Jewellery
 E - a +4 ring of evasion (right hand)
 I - a +6 ring of intelligence (left hand)
 L - an uncursed ring of flight
 R - an uncursed ring of resist corrosion
Wands
 t - a wand of paralysis (5)
 v - a wand of acid (7)
Scrolls
 b - a scroll of fog
 d - 3 scrolls of teleportation {@r4@r4}
 e - 4 scrolls of amnesia
 i - a scroll of random uselessness {unknown}
 j - 9 scrolls of identify {@r1@r1}
 m - 4 scrolls of remove curse {@r2@r2}
 n - a scroll of immolation
Potions
 g - 3 potions of curing {@q1@q1}
 p - a potion of ambrosia
 s - a potion of magic

Dungeon Overview and Level Annotations

Branches:
Dungeon (7/15)             Temple (0/1) D:5

Altars:
Cheibriados
Gozag
Sif Muna
Trog
The Shining One

Shops:
D:4 =   D:5 ([(}

Annotations:
D:4 1 runed translucent door, Dracia's ghost, amateur DsAK

#<...# #.#.#########....#.
#....# #[#................
#.#### #.##############.## #.#
#.##.............## ##'####
#.##.############## #.....#
#.##.# #.....# #....#
#########
#.....###############.......##
#..........)o@......'....†..'.
#..........##########.......##
####.......# #.......#
#.......# ######### #.......#
##### #.)..o..# #....
#.......# #.... #.......#
#.... #.......# #....


You could see an orc warrior.


Message History

The orc warrior is heavily wounded.
The orc warrior hits you with a +0 great sword!
* * * LOW HITPOINT WARNING * * *
You hit the orc warrior but do no damage.
The orc warrior is heavily wounded.
You closely miss the orc warrior.
The orc warrior is heavily wounded.
The orc warrior hits you with a +0 great sword!
* * * LOW HITPOINT WARNING * * *
You hit the orc warrior.
The orc warrior is heavily wounded.
The orc warrior hits you with a +0 great sword.
* * * LOW HITPOINT WARNING * * *
You closely miss the orc warrior.
The orc warrior is heavily wounded.
The orc warrior hits you with a +0 great sword!
* * * LOW HITPOINT WARNING * * *
Unknown command.
Your system partially rejects the healing.
You feel better.
You feel less wooden.
Your +0 cloak unmelds from your body.
Your +0 pair of gloves unmelds from your body.
The +2 leather armour of Dull Creativity {Slay+2} unmelds from your body.
Unknown command.
You are confused.
Your system partially rejects the healing.
You feel invigorated.
The orc warrior hits you with a +0 great sword!
You die...

Skill      XL: |  1  2  3  4  5  6  7  8  9 |
---------------+----------------------------+-----
Long Blades    | 2 3 4 5 6 7 8 |  8.3
Invocations    | 3 4 5 6 7 9 10 11 | 11.5
Fighting       | |  3.0
Armour         | |  1.7
Dodging        | |  0.8

Action                   |  1- 3 |  4- 6 |  7- 9 || total
-------------------------+-------+-------+-------++-------
Melee: Falchion          |   133 |   275 |   336 ||   744
Invok: Depart the Abyss  |     1 |       |       ||     1
       Banish            |       |       |     1 ||     1
  Use: Potion            |       |     7 |     6 ||    13
       Scroll            |       |     8 |     4 ||    12
Armor: Leather armour    |    13 |       |    48 ||    61
       Chain mail        |    62 |   156 |    35 ||   253
       Ring mail         |     3 |       |       ||     3
       Skin              |       |    24 |    13 ||    37
Dodge: Dodged            |    67 |   183 |   188 ||   438
       Rpst.: Falchion   |    24 |    62 |    44 ||   130

Levels and vault maps discovered:
D:1:      lightli_arrival_flooded_house, layout_rooms
D:2:      minmay_door_path, layout_rooms, serial_forest,
          infiniplex_forest_end_1, infiniplex_forest_lined_4_way,
          infiniplex_forest_clump_long, infiniplex_forest_clump_curved,
          infiniplex_forest_end_3, infiniplex_forest_straight_4,
          infiniplex_forest_lined_room_3, infiniplex_forest_clump_tiny
D:3:      layout_loops_ring, serial_aquarium, aquarium_bridge_long_separate
          [aquarium_subvault_bridge, aquarium_subvault_window,
          aquarium_subvault_window, aquarium_subvault_wall,
          aquarium_subvault_bridge, aquarium_subvault_wall],
          aquarium_bridge_square [aquarium_subvault_wall,
          aquarium_subvault_wall, aquarium_subvault_bridge,
          aquarium_subvault_bridge], aquarium_window_1, aquarium_window_2,
          aquarium_window_double, aquarium_view_2b, aquarium_view_2f,
          aquarium_balcony_double_2, aquarium_pool_1, kennysheep_generic_room_12
D:4:      layout_rooms, nicolae_tso_swordbearing_angel,
          chequers_temple_overflow_statue_of_worship, serial_shops,
          nicolae_shop_statue_plus, ebering_ghost_inner_flame,
          lemuel_blue_sif_altar, uniq_blork_the_orc
D:5:      layout_basic, minmay_temple_entry_mist, serial_shops, shop,
          kennysheep_little_box, shop, kennysheep_mini_moat, serial_bayou,
          serial_bayou_ford_a, serial_bayou_pond_d, serial_bayou_pond_c,
          serial_bayou_lagoon_b, uniq_edmund
D:6:      layout_basic
D:7:      statuecave_lemuel, layout_basic, sword_in_stone, uniq_joseph

Notes
Turn   | Place    | Note
-------+----------+-------------------------------------------
     0 | Abyss:1  | Dracia the Demonspawn Abyssal Knight began the quest for
                  | the Orb.
     0 | Abyss:1  | Reached XP level 1. HP: 18/18 MP: 2/2
    32 | Abyss:1  | Noticed a small abomination
    33 | D:1      | You pass through the gate.
    33 | D:1      | Escaped the Abyss
   131 | D:1      | Reached skill level 2 in Long Blades
   142 | D:1      | Reached skill level 3 in Invocations
   142 | D:1      | Gained mutation: You have a pair of small antennae on your
                  | head. [demonic ancestry]
   142 | D:1      | Reached XP level 2. HP: 18/24 MP: 2/4
   818 | D:2      | Reached * piety under Lugonu
  1152 | D:2      | Gained mutation: You are partially covered in iridescent
                  | scales. (AC +2) [demonic ancestry]
  1152 | D:2      | Reached XP level 3. HP: 29/29 MP: 5/5
  1244 | D:2      | Reached skill level 4 in Invocations
  1593 | D:2      | Reached skill level 3 in Long Blades
  1688 | D:2      | Gained mutation: You are mostly covered in iridescent
                  | scales. (AC +4) [demonic ancestry]
  1688 | D:2      | Reached XP level 4. HP: 32/35 MP: 7/7
  1994 | D:3      | Reached ** piety under Lugonu
  2533 | D:3      | Reached skill level 5 in Invocations
  2533 | D:3      | Gained mutation: You have a pair of antennae on your head.
                  | [demonic ancestry]
  2533 | D:3      | Reached XP level 5. HP: 20/41 MP: 8/8
  3014 | D:4      | Noticed Blork the orc
  3030 | D:3      | Killed Blork the orc
  3031 | D:3      | Reached skill level 4 in Long Blades
  3212 | D:3      | Gained mutation: You evolve. [potion of mutation]
  3212 | D:3      | Gained mutation: Potions are less effective at restoring
                  | your health. [potion of mutation]
  3212 | D:3      | Gained mutation: Your flesh is heat resistant. (rF+)
                  | [potion of mutation]
  3219 | D:3      | Reached skill level 6 in Invocations
  3219 | D:3      | Reached XP level 6. HP: 47/47 MP: 10/10
  3700 | D:4      | Found Pugom's Jewellery Boutique.
  4070 | D:4      | Reached *** piety under Lugonu
  4072 | D:4      | Gained mutation: Your spells are a little harder to cast,
                  | but a little more powerful. [evolution]
  4144 | D:4      | Found a bloodstained altar of Trog.
  4145 | D:4      | Found an opulent altar of Gozag.
  4145 | D:4      | Found a snail-covered altar of Cheibriados.
  4284 | D:4      | Reached skill level 7 in Invocations
  4507 | D:4      | Found a runed translucent door.
  4510 | D:4      | Noticed Dracia's ghost (amateur DsAK)
  4631 | D:4      | Found a glowing golden altar of the Shining One.
  4709 | D:4      | Found a shimmering blue altar of Sif Muna.
  4811 | D:5      | Entered Level 5 of the Dungeon
  4891 | D:5      | Found Puamn's Weapon Boutique.
  4899 | D:5      | Reached skill level 5 in Long Blades
  4917 | D:5      | Reached XP level 7. HP: 52/52 MP: 12/12
  4921 | D:5      | Found Vuys's Weapon Emporium.
  5020 | D:5      | Found a staircase to the Ecumenical Temple.
  5130 | D:5      | Noticed Edmund
  5161 | D:5      | Killed Edmund
  5296 | D:5      | Found Leomp's Armour Boutique.
  5497 | D:5      | Reached skill level 8 in Invocations
  5768 | D:5      | Found Icier's Gadget Shop.
  5950 | D:5      | Bought the +2 leather armour of Dull Creativity {Slay+2}
                  | for 301 gold pieces
  6177 | D:6      | Reached skill level 6 in Long Blades
  6359 | D:6      | Reached skill level 9 in Invocations
  6359 | D:6      | Gained mutation: You have a pair of large antennae on your
                  | head. (SInv) [demonic ancestry]
  6359 | D:6      | Reached XP level 8. HP: 52/58 MP: 14/14
  6902 | D:6      | Gained mutation: Your spells are harder to cast, but more
                  | powerful. [evolution]
  7000 | D:7      | Reached **** piety under Lugonu
  7001 | D:7      | Reached skill level 7 in Long Blades
  7001 | D:7      | Reached skill level 10 in Invocations
  7010 | D:7      | Got a sheer robe
  7011 | D:7      | Identified the +1 robe of the Cricket {Str-3 Int+8} (You
                  | found it on level 7 of the Dungeon)
  7302 | D:7      | Noticed Joseph
  7321 | D:7      | Killed Joseph
  7868 | D:7      | Gained mutation: Your flesh is cold resistant. (rC+)
                  | [demonic ancestry]
  7868 | D:7      | Reached XP level 9. HP: 57/63 MP: 17/17
  7919 | D:7      | Reached skill level 11 in Invocations
  8083 | D:7      | Reached skill level 8 in Long Blades
  8130 | D:7      | HP: 2/63 [orc warrior/cursed -1 great sword (25)]
  8529 | D:7      | HP: 6/94 [orc warrior/+0 great sword (11)]
  8531 | D:7      | Slain by an orc warrior

Vanquished Creatures
  Joseph (D:7)
  Edmund (D:5)
  A soldier ant (D:7)
  3 orc warriors
  2 black bears
  An ogre (D:6)
  A centaur (D:6)
  4 bullfrogs
  Blork the orc (D:3)
  A scorpion (D:5)
  A wight (D:7)
  A centaur zombie (D:7)
  A bullfrog zombie (D:6)
  2 hounds
  5 orc priests
  A bullfrog skeleton (D:4)
  4 orc wizards
  2 iguanas
  4 worker ants
  8 adders
  A shadow imp (D:7)
  2 ufetubi
  2 adder zombies
  3 oozes
  5 worms
  5 leopard geckos
  27 orcs
  2 ball pythons (D:3)
  6 bats
  7 giant cockroaches
  11 goblins
  6 hobgoblins
  5 jackals
  A quokka (D:2)
  7 frilled lizards
  3 kobolds
  4 rats
142 creatures vanquished.

Vanquished Creatures (others)
  3 plants (D:2)
3 creatures vanquished.

Grand Total: 145 creatures vanquished

Table legend: (Time is in decaauts)
 A = Elapsed time spent in this place.
 B = Non-inter-level travel time spent in this place.
 C = Inter-level travel time spent in this place.
 D = Time resting spent in this place.
 E = Time spent auto-exploring this place.
 F = Levels seen in this place.
 G = Mean time per level.
                   A        B        C        D        E       F      G
               +--------+--------+--------+--------+--------+-----+--------+
         Total |   8607 |   8360 |    247 |   2176 |   4779 |   8 | 1075.9 |
       Dungeon |   8574 |   8327 |    247 |   2176 |   4748 |   7 | 1224.9 |
         Abyss |     33 |     33 |      0 |      0 |     31 |   1 |   33.0 |
               +--------+--------+--------+--------+--------+-----+--------+

Top non-repeatable levels by time:
     D:3: 1690 daAuts
     D:7: 1538 daAuts
     D:5: 1253 daAuts
     D:2: 1224 daAuts
     D:4: 1179 daAuts
     D:6: 955 daAuts
     D:1: 733 daAuts
 Abyss:1: 33 daAuts

Table legend:
 A = Non-vault XP
 B = Vault XP
 C = Vault XP percentage of total XP
 D = Non-vault monster count
 E = Vault monster count
 F = Vault count percentage of total count
                 A         B        C        D         E       F
            +---------+---------+-------+---------+---------+-------
      Total |    2325 |    1168 |  33.4 |     132 |      11 |   7.7
            +---------+---------+-------+---------+---------+-------
        D:1 |      24 |       0 |   0.0 |      12 |       0 |   0.0
        D:2 |      67 |      16 |  19.3 |      22 |       3 |  12.0
        D:3 |     239 |      87 |  26.7 |      36 |       2 |   5.3
        D:4 |     232 |       0 |   0.0 |      13 |       0 |   0.0
        D:5 |     241 |     169 |  41.2 |      16 |       1 |   5.9
        D:6 |     878 |       0 |   0.0 |      22 |       0 |   0.0
        D:7 |     644 |     896 |  58.2 |      11 |       5 |  31.2
            +---------+---------+-------+---------+---------+-------
